 Dungeon Crawl Stone Soup version 0.31-a0-175-g9f7f995f2b (webtiles) character file.

Game seed: 15984329122237307901

109 qw the Shooter (level 4, -3/28 HPs)
             Began as a Gargoyle Hunter on June 17, 2023.
             Killed from afar by a kobold (8 damage)
             ... with a bolt of acid
             ... on level 3 of the Dungeon.
             The game lasted 00:00:37 (1674 turns).

qw the Shooter (Gargoyle Hunter)                    Turns: 1674, Time: 00:00:38

Health: -3/28      AC:  8    Str: 14    XL:     4   Next: 90%
Magic:  4/4        EV: 10    Int: 10    God:
Gold:   96         SH:  0    Dex: 15    Spells: 3/3 levels left

rFire   . . .        Y - +2 shortbow
rCold   + . .        (shield currently unavailable)
rNeg    + . .        f - +0 ring mail
rPois   inf          (no helmet)
rElec   +            (no cloak)
rCorr   .            (no gloves)
SInv    .            (no boots)
Will    .....        (no amulet)
Stlth   +            c - ring of protection from cold
HPRegen 0.24/turn    (no ring)
MPRegen 0.09/turn

%: no passive effects
@: no status effects
A: sickness immunity, AC +3, negative energy resistance 1, electricity
resistance, torment resistance 1, petrification resistance
a: no special abilities


You were on level 3 of the Dungeon.
You visited 1 branch of the dungeon, and saw 3 of its levels.

You collected 96 gold pieces.


Innate Abilities, Weirdness & Mutations

You are immune to sickness and miasma.
Your stone body is resilient. (AC +3)
You are immune to poison.
You resist negative energy. (rN+)
You are resistant to electric shocks. (rElec)
You are resistant to unholy torment.
You are immune to petrification.


   Skills:
 - Level 3.3 Fighting
 + Level 5.4 Ranged Weapons
 - Level 1.0 Armour
 - Level 1.5 Dodging
 - Level 1.1 Stealth


You had 3 spell levels left.
You didn't know any spells.
Your spell library was empty.

Inventory:

Hand Weapons
 Y - a +2 shortbow (weapon)
Armour
 f - a +0 ring mail (worn)
Jewellery
 c - a ring of protection from cold (left hand)
Scrolls
 g - a scroll of identify
Potions
 a - a potion of curing
 d - a potion of heal wounds {unknown}

Dungeon Overview and Level Annotations

Branches:
Dungeon (3/15)

Altars:
Dithmenos
Ru

Shops:
D:1 [


Message History

You kill the hobgoblin!
An adder comes into view.
You shoot an arrow. The arrow closely misses the adder.
You shoot an arrow. The arrow closely misses the adder.
You shoot an arrow. The arrow hits the adder!
The adder is severely wounded.
You shoot an arrow. The arrow misses the adder.
The adder closely misses you. The adder bites you but does no damage.
You shoot an arrow. The arrow closely misses the adder.
The adder bites you but does no damage.
You shoot an arrow. The arrow hits the adder!
You kill the adder!
A gnoll comes into view. It is wielding a +2 vampiric halberd.
The gnoll shouts!
You hear a shout!
A gnoll comes into view. It is wielding a +0 spear.
A gnoll comes into view. It is wielding a +0 flail.
You shoot an arrow. The arrow barely misses the gnoll.
The gnoll shouts!
The arrow hits the gnoll.
The gnoll is lightly wounded.
You shoot an arrow. The arrow barely misses the gnoll.
A kobold comes into view.
It is wielding a +0 whip of venom and carrying a wand of acid (6).
You shoot an arrow. The kobold shouts!
The arrow hits the gnoll.
The gnoll is moderately wounded.
You shoot an arrow. The arrow closely misses the gnoll.
The gnoll hits you from afar with a +2 vampiric halberd.
You shoot an arrow. The arrow hits the gnoll.
The gnoll is severely wounded.
The gnoll hits you from afar with a +0 spear.
The gnoll hits you from afar with a +2 vampiric halberd!
You shoot an arrow. The arrow barely misses the gnoll.
The arrow hits the gnoll.
You kill the gnoll!
The gnoll hits you but does no damage. The gnoll hits you with a +0 flail.
You shoot an arrow. The arrow closely misses the gnoll.
The arrow hits the kobold but does no damage.
The gnoll hits you but does no damage. The gnoll hits you with a +0 flail.
The kobold zaps a wand.
The bolt of acid hits you!
You die...

##.###.#.##.#.
#........##.##
##.###.####.#
##.###.####.#
##....#......# .
#........######
...#######.#....<.#.....
.....g..##........#.....
.....)g@................
......K.##....#...#.....
...#######........#.....
. #........######
##......## #####.##
#.#######
########.......##
.......%..###....


You could see 2 gnolls and a kobold.

Vanquished Creatures
  An orc wizard (D:3)
  A gnoll (D:3)
  3 adders
  2 worms (D:2)
  2 dart slugs
  5 ball pythons
  2 endoplasms (D:2)
  2 giant cockroaches
  4 goblins
  4 hobgoblins
  A jackal (D:3)
  4 kobolds
  2 quokkas
  4 bats
  2 frilled lizards
39 creatures vanquished.

Notes
Turn   | Place    | Note
-------+----------+-------------------------------------------
     0 | D:1      | qw the Gargoyle Hunter began the quest for the Orb.
     0 | D:1      | Reached XP level 1. HP: 12/12 MP: 1/1
     0 | D:1      | 0 ||| qw: Version: 0.3-a-2-g5ab2908
     0 | D:1      | 0 ||| qw: Game counter: 204
     0 | D:1      | 0 ||| qw: Always use a shield: true
     0 | D:1      | 0 ||| qw: God list: Okawaru
     0 | D:1      | 0 ||| qw: Allow faded altars: false
     0 | D:1      | 0 ||| qw: Do Orc after D:15 true
     0 | D:1      | 0 ||| qw: Do second Lair branch before Depths: true
     0 | D:1      | 0 ||| qw: Lair rune preference: random
     0 | D:1      | 0 ||| qw: Plans: Normal, Zot:1-4, Slime:5, God:TSO, Crypt,
                  | Tomb, Abyss, Pan, Hells, Win
     0 | D:1      | 0 ||| PLANNING D:1-11
    73 | D:1      | HP: 3/12 [constriction (1)]
    76 | D:1      | HP: 1/12 [goblin/+0 dagger (1)]
   258 | D:1      | Reached XP level 2. HP: 13/17 MP: 2/2
   648 | D:1      | Found Ehifym's Antique Armour Emporium.
   654 | D:1      | 654 ||| SHOPLISTING +3 crown of Dyrovepreva {rElec Int+2
                  | SInv} (910 gold, have 73).
   654 | D:1      | 654 ||| SHOPLISTING dyed leather armour (110 gold, have
                  | 73).
   654 | D:1      | 654 ||| SHOPLISTING glowing cloak (165 gold, have 73).
   654 | D:1      | 654 ||| SHOPLISTING pair of boots (99 gold, have 73).
   888 | D:1      | 888 ||| UPGRADING to +0 ring mail.
   898 | D:1      | 898 ||| DROPPING +0 leather armour.
   899 | D:1      | 899 ||| READING scroll labelled BOABIFIWEI.
   900 | D:1      | 900 ||| READING 2 scrolls labelled XEGASM DAETOLL.
   901 | D:1      | 901 ||| READING scroll labelled ZIFUARUSTO.
   902 | D:1      | 902 ||| READING scroll labelled ORO COERHAV.
   903 | D:1      | 903 ||| DROPPING scroll of butterflies.
  1035 | D:2      | Reached skill level 1 in Armour
  1056 | D:2      | Reached XP level 3. HP: 21/21 MP: 3/3
  1065 | D:2      | Found a shadowy altar of Dithmenos.
  1092 | D:2      | 1092 ||| READING scroll of enchant weapon.
  1092 | D:2      | 1092 ||| ENCHANTING +1 shortbow.
  1112 | D:2      | Reached skill level 5 in Ranged Weapons
  1366 | D:2      | 1366 ||| UPGRADING to ring of protection from cold.
  1367 | D:2      | 1367 ||| READING scroll labelled URELOA KENUTE.
  1368 | D:2      | 1368 ||| READING scroll labelled NAONOH DUPYU.
  1369 | D:2      | 1369 ||| DRINKING 2 yellow potions.
  1474 | D:2      | 1474 ||| READING 2 scrolls of identify.
  1474 | D:2      | 1474 ||| IDENTIFYING fizzy white potion
  1475 | D:2      | 1475 ||| DROPPING potion of berserk rage.
  1537 | D:3      | Found a sacrificial altar of Ru.
  1553 | D:3      | Reached skill level 3 in Fighting
  1553 | D:3      | Reached XP level 4. HP: 23/28 MP: 4/4
  1674 | D:3      | HP: 5/28 [gnoll/+0 flail (4)]
  1674 | D:3      | Killed from afar by a kobold

Levels and vault maps discovered:
D:1:      kennysheep_arrival_forest, layout_loops_corners, serial_shops, shop,
          minmay_misc_feat_room
D:2:      layout_rooms, basic_altar
D:3:      layout_loops_cross, nicolae_ru_great_annihilating_truth,
          marbit_many_paths, item_on_display_a

Skill      XL: |  1  2  3 |
---------------+----------+-----
Armour         | 1 |  1.0
Ranged Weapons | 5 |  5.4
Fighting       | 3 |  3.3
Dodging        | |  1.5
Stealth        | |  1.1

Action                     |  1- 3 |  4- 6 || total
---------------------------+-------+-------++-------
   Fire: Shortbow          |   111 |    23 ||   134
    Use: Scroll            |     8 |       ||     8
         Potion            |     1 |       ||     1
 Armour: Leather armour    |    18 |       ||    18
         Ring mail         |     9 |     6 ||    15
  Dodge: Dodged            |    22 |     8 ||    30

Table legend:
 A = Non-vault XP
 B = Vault XP
 C = Vault XP percentage of total XP
 D = Non-vault monster count
 E = Vault monster count
 F = Vault count percentage of total count
                 A         B        C        D         E       F
            +---------+---------+-------+---------+---------+-------
      Total |     117 |      40 |  25.5 |      35 |       4 |  10.3
            +---------+---------+-------+---------+---------+-------
        D:1 |      22 |       0 |   0.0 |      13 |       0 |   0.0
        D:2 |      44 |       0 |   0.0 |      14 |       0 |   0.0
        D:3 |      51 |      40 |  44.0 |       8 |       4 |  33.3
            +---------+---------+-------+---------+---------+-------
